Map: Emerald City LE

Players

qqq

  • Race: Zerg Zerg
  • Spawn Location: 5:00

Massa

  • Race: Terran Terran
  • League: Platinum
  • Spawn Location: 5:00

Zabimaru - Winner!

  • Race: Terran Terran
  • League: Platinum
  • Spawn Location: 11:00

TooL - Winner!

  • Race: Zerg Zerg
  • Spawn Location: 11:00

VOD

Have the link to the VOD?

Description

Time

  • Played on: Feb. 6, 2021, 8:02 a.m.
  • Length: 16:56
Show
View Real Time Build Order
Export as new Build Order

qqq Zerg 

Build Orders: Hatch First 

Get SALT Encoding   

  12  0:01  Drone  
  13  0:08  Drone  
  14  0:21  Overlord  
  14  0:43  Drone  
  15  0:54  Hatchery  
  14  0:58  Drone x2  
  16  1:05  Extractor  
  16  1:07  Drone  
  16  1:25  Drone  
  16  1:26  Drone  
  16  1:32  Drone  
  19  1:44  Drone  
  20  1:49  Spawning Pool  
  20  1:52  Drone  
  20  2:10  Drone  
  20  2:12  Drone  
  22  2:17  Hatchery  
  22  2:18  Drone  
  22  2:25  Overlord  
  22  2:29  Drone  
  23  2:36  Lair  
  23  2:44  Queen  
  23  2:47  Drone  
  26  2:52  Zergling x2  
  26  2:53  Zergling x2  
  26  2:57  Drone  
  29  3:03  Drone  
  30  3:06  Drone, Extractor  
  30  3:07  Drone  
  30  3:12  Drone  
  32  3:17  Drone  
  33  3:25  Overlord  
  33  3:27  Drone  
  34  3:35  Drone x2  
  34  3:36  Spire  
  34  3:38  Drone  
  36  3:42  Drone  
  36  3:47  Queen  
  39  3:49  Drone  
  39  3:53  Drone x2  
  43  3:55  Drone  
  43  3:58  Drone  
  43  3:59  Drone  
  43  4:13  Spine Crawler  
  43  4:16  Spine Crawler  
  40  4:18  Spine Crawler  
  37  4:27  Drone x2  
  37  4:30  Zergling x4  
  37  4:31  Drone x2  
  43  4:33  Zergling x6  
  43  4:57  Mutalisk  
  44  5:06  Drone x3  
  44  5:07  Zergling x2  
  44  5:11  Drone x2  
  44  5:19  Mutalisk  
  44  5:22  Overlord  
  44  5:32  Extractor, Overlord  
  44  5:33  Overlord  
  43  5:38  Zerg Flyer Weapons Level 1  
  43  5:39  Mutalisk, Queen  
  47  5:51  Mutalisk x3  
  47  5:55  Drone x2  
  55  6:05  Mutalisk  
  39  6:25  Mutalisk  
  39  6:27  Drone x3  
  44  6:43  Drone  
  44  6:44  Mutalisk  
  47  6:51  Queen  
  35  7:16  Mutalisk  
  34  7:29  Drone x2  
  34  7:30  Drone  
  34  7:35  Overseer  
  32  7:47  Drone x3  
  32  7:48  Drone  
  36  8:14  Drone x3  
  36  8:15  Drone x2  
  41  8:44  Mutalisk x2  
  41  8:46  Drone x3  
  48  9:02  Drone x2, Extractor  
  50  9:05  Hatchery  
  50  9:08  Mutalisk, Infestation Pit  
  50  9:09  Drone x2  
  51  9:14  Queen  
  53  9:21  Drone x2  
  53  9:44  Mutalisk  
  53  9:45  Mutalisk  
  51  9:46  Drone  
  51  9:49  Overlord x2  
  50  10:07  Mutalisk  
  50  10:08  Drone x3  
  45  10:21  Roach Warren  
  45  10:27  Zergling x6  
  45  10:28  Drone x4  
  47  10:29  Drone x2  
  47  10:33  Extractor  
  50  10:58  Mutalisk x2  
  50  10:59  Mutalisk  
  50  11:00  Mutalisk  
  50  11:02  Roach  
  60  11:05  Drone x2  
  60  11:06  Drone x2, Overlord x2  
  60  11:07  Drone x2  
  66  11:19  Mutalisk  
  64  11:46  Drone  
  62  11:47  Drone x2  
  62  11:48  Drone x4, Infestation Pit  
  64  12:06  Hatchery  
  63  12:21  Drone x3  
  66  12:23  Roach x5  
  66  12:24  Roach x2  
  80  12:31  Corruptor x2  
  80  12:34  Overlord x2  
  84  13:01  Corruptor x2  
  88  13:07  Hive  
  88  13:08  Drone x3  
  74  13:20  Extractor  
  74  13:22  Extractor  
  72  13:28  Corruptor x2, Roach  
  72  13:30  Drone x2  
  72  13:31  Overlord x2  
  78  13:50  Mutalisk x2  
  78  13:51  Drone x2  
  84  14:01  Queen  
  84  14:02  Drone, Spine Crawler  
  86  14:04  Spine Crawler  
  83  14:42  Spine Crawler  
  83  14:43  Spine Crawler, Greater Spire, Spore Crawler, Corruptor x3  
  88  14:52  Drone x2  
  88  14:53  Drone  
  88  14:55  Overlord x4  
  88  14:56  Overlord  
  85  15:24  Spine Crawler  
  85  15:25  Drone x3  
  83  15:33  Spine Crawler  
  82  15:36  Spine Crawler  
  82  15:39  Drone  
  82  15:47  Drone  
  83  15:54  Brood Lord  
  83  15:55  Brood Lord x5  
  95  16:07  Brood Lord  
  95  16:08  Drone x2  
  95  16:26  Corruptor  
  95  16:28  Drone  
Show
View Real Time Build Order
Export as new Build Order

Massa Terran 

Build Orders: Reaper Expand 

Get SALT Encoding   

  12  0:00  SCV  
  13  0:12  SCV  
  14  0:18  Supply Depot  
  14  0:24  SCV  
  15  0:39  SCV  
  15  0:41  Barracks  
  16  0:51  SCV  
  16  0:54  Refinery  
  17  1:04  SCV  
  18  1:16  SCV  
  19  1:31  Orbital Command  
  19  1:38  Command Center  
  19  2:10  Reaper  
  20  2:24  Command Center  
  20  2:27  SCV  
  21  2:39  SCV, Supply Depot  
  21  2:54  Orbital Command  
  21  3:00  Barracks Reactor  
  21  3:04  Factory  
  21  3:12  SCV  
  22  3:17  Engineering Bay  
  22  3:24  SCV  
  22  3:25  SCV  
  24  3:32  Barracks  
  24  3:33  Barracks  
  24  3:36  SCV, Marine  
  24  3:37  Marine  
  24  3:38  SCV  
  28  3:48  SCV  
  29  3:49  Refinery  
  29  3:50  SCV  
  29  3:52  Supply Depot  
  29  3:55  Orbital Command  
  30  3:58  Marine x2  
  32  4:05  Hellion  
  34  4:11  Supply Depot  
  34  4:17  SCV  
  34  4:19  Marine x3  
  34  4:20  Marine  
  39  4:31  Hellion  
  39  4:37  Marine x2  
  39  4:47  Marine x2  
  39  4:52  Widow Mine  
  43  4:55  Marine x2  
  43  4:56  Barracks  
  45  5:04  Marine  
  45  5:05  Marine  
  45  5:13  Marine x2  
  47  5:21  SCV x2  
  47  5:22  SCV  
  47  5:26  Barracks Tech Lab  
  47  5:27  Barracks Reactor  
  49  5:31  Hellion  
  49  5:33  SCV  
  49  5:34  SCV x2  
  54  5:40  Starport  
  54  5:41  Supply Depot  
  54  5:42  Marine x2  
  56  5:45  SCV, Stimpack  
  57  5:51  Missile Turret  
  57  5:52  Hellion  
  57  5:53  Refinery  
  57  5:57  Missile Turret  
  59  5:59  Marine x2  
  54  6:10  Marine x2  
  54  6:11  Marauder  
  47  6:14  Hellion  
  47  6:17  Marine x2  
  46  6:23  Starport Tech Lab, Marine  
  40  6:32  Marauder  
  28  6:41  Marine  
  28  6:42  SCV x3  
  28  6:45  Marine  
  28  6:46  Marine x2  
  36  6:49  Banshee  
  41  6:54  Widow Mine, SCV x2, Marine  
  38  7:03  Marine  
  38  7:04  Marauder, Marine  
  38  7:06  Marine  
  37  7:39  SCV x3  
  40  7:49  Factory Tech Lab  
  40  7:51  SCV x2, Combat Shield  
  40  7:52  SCV  
  40  7:53  Barracks Tech Lab  
  40  7:56  Medivac  
  45  8:03  SCV  
  46  8:15  Marine  
  46  8:16  Marine x2  
  46  8:17  Marauder x2  
  46  8:18  Siege Tank  
  56  8:20  SCV x3  
  56  8:26  Medivac  
  61  8:31  Refinery  
  61  8:41  Supply Depot  
  61  8:42  Supply Depot x2  
  61  9:02  Marine x3, Siege Tank  
  69  9:03  SCV, Marauder  
  69  9:06  Marauder  
  72  9:14  Missile Turret  
  72  9:15  SCV x3  
  75  9:17  Sensor Tower  
  75  9:20  Marine x2  
  75  9:21  Raven  
  75  9:23  Marine  
  80  9:32  SCV  
  80  9:33  SCV x2  
  83  9:44  SCV  
  83  9:45  SCV  
  85  9:46  Concussive Shells  
  85  9:53  Supply Depot  
  85  9:57  Supply Depot  
  85  9:58  Terran Infantry Weapons Level 1  
  85  10:15  SCV x2, Marauder x2, Marine x2  
  85  10:18  Marine  
  85  10:19  Orbital Command  
  94  10:26  Siege Tank  
  94  10:27  SCV x2  
  99  10:33  Marine x2  
  101  10:48  Supply Depot  
  101  10:49  Engineering Bay, Supply Depot  
  101  10:51  Supply Depot  
  101  11:03  SCV  
  101  11:04  SCV, Marauder  
  100  11:05  Marauder, Medivac  
  95  11:24  Siege Tank  
  93  11:25  Marine x2  
  93  11:26  Marauder, Marine  
  93  11:27  Marauder  
  88  11:43  Marine x3  
  88  11:47  Marauder  
  88  11:48  Command Center  
  90  11:55  Terran Infantry Armor Level 1  
  90  11:56  Missile Turret x2  
  90  12:00  Armory  
  90  12:23  Siege Tank  
  93  12:41  Barracks Tech Lab  
  93  12:52  Barracks Reactor  
  93  13:00  Liberator, Supply Depot  
  93  13:02  Supply Depot x2  
  96  13:28  Supply Depot x2  
  96  13:29  Marine x2  
  96  13:30  Marauder x2  
  102  13:34  Orbital Command  
  102  13:35  SCV  
  103  13:43  Viking  
  105  14:13  Viking  
  96  14:32  Barracks Tech Lab  
  95  14:43  Marauder x2, Marine x2  
  101  14:49  Raven  
  87  15:01  Marine  
  87  15:05  Marauder  
  90  15:14  Siege Tank  
  93  15:29  Command Center  
  93  15:38  Marauder x3  
  99  15:46  Siege Tank  
  102  15:51  Viking  
  104  15:57  Barracks  
  104  15:59  Marauder  
  104  16:03  Starport  
Show
View Real Time Build Order
Export as new Build Order

Zabimaru Terran - Winner!

Build Orders: Hellion Opening, Reaper Expand 

Get SALT Encoding   

  12  0:00  SCV  
  13  0:12  SCV  
  14  0:18  Supply Depot  
  14  0:25  SCV  
  15  0:39  SCV  
  15  0:42  Barracks  
  16  0:46  Refinery  
  16  0:51  SCV  
  17  1:03  SCV  
  18  1:16  SCV  
  19  1:29  Orbital Command  
  19  1:30  Reaper  
  20  1:43  Command Center  
  20  1:49  Refinery  
  20  1:55  SCV  
  21  2:07  SCV  
  22  2:10  Factory  
  22  2:14  Supply Depot  
  22  2:19  SCV  
  22  2:21  Barracks Reactor  
  23  2:36  SCV  
  24  2:44  Supply Depot  
  24  2:48  SCV  
  25  2:57  Orbital Command  
  25  3:00  Starport, SCV  
  26  3:07  Hellion x2  
  26  3:12  Barracks Tech Lab, SCV  
  31  3:13  Orbital Command  
  31  3:24  SCV  
  32  3:28  Hellion  
  32  3:30  Hellion  
  36  3:35  Marine  
  36  3:36  Stimpack  
  37  3:44  SCV  
  37  3:46  Medivac  
  40  3:50  Hellion  
  40  3:54  SCV  
  43  3:56  SCV  
  43  3:57  Hellion, Marine  
  47  4:04  Supply Depot  
  47  4:07  SCV  
  47  4:08  SCV  
  49  4:15  Marine  
  50  4:33  SCV x2, Marine  
  50  4:37  Starport Reactor  
  55  4:38  Widow Mine  
  55  4:39  Widow Mine  
  55  4:42  Barracks  
  55  4:43  Barracks  
  57  4:47  SCV x2  
  57  4:50  Refinery  
  57  4:51  Refinery  
  59  4:59  SCV x2  
  61  5:04  Supply Depot  
  61  5:05  Supply Depot  
  61  5:06  Supply Depot  
  61  5:12  SCV  
  62  5:23  Armory  
  62  5:25  SCV, Marine, Medivac  
  62  5:26  Hellion x2  
  70  5:38  Medivac  
  70  5:39  Marine x2  
  74  5:43  Marine  
  74  5:45  SCV  
  74  5:46  SCV  
  74  5:47  Widow Mine, Hellion, Supply Depot  
  81  5:56  Marine  
  82  6:08  Widow Mine  
  78  6:11  Marine  
  78  6:12  Marine  
  78  6:14  Marine  
  78  6:16  Engineering Bay  
  75  6:26  Medivac x2  
  75  6:29  Marine x2, Combat Shield  
  75  6:31  Supply Depot x2  
  75  6:32  Marine, Supply Depot  
  80  6:35  SCV x2  
  73  6:47  SCV x2, Marine x2  
  73  6:50  Marine  
  76  6:54  Widow Mine  
  76  6:55  Widow Mine  
  76  6:56  Medivac x2  
  76  6:59  SCV x2  
  76  7:00  Missile Turret  
  86  7:05  Marine x2  
  86  7:08  Marine  
  85  7:11  SCV x2  
  87  7:16  Terran Infantry Weapons Level 1  
  82  7:23  SCV, Marine x2  
  82  7:24  SCV  
  82  7:25  Marine, Missile Turret  
  82  7:28  Missile Turret  
  75  7:52  Missile Turret  
  75  7:53  Missile Turret  
  75  7:54  Missile Turret  
  75  7:55  Missile Turret  
  73  8:01  Marine  
  73  8:02  Marine x2  
  73  8:03  SCV, Medivac x2  
  73  8:04  SCV  
  80  8:17  Missile Turret  
  80  8:18  SCV, Missile Turret x2  
  80  8:19  SCV, Marine x2, Missile Turret  
  82  8:31  SCV x2, Concussive Shells  
  82  8:33  Medivac x2  
  84  8:43  SCV x2  
  85  8:57  Engineering Bay  
  85  9:01  Missile Turret  
  85  9:02  Missile Turret  
  85  9:04  Missile Turret  
  85  9:10  Terran Infantry Armor Level 1, Barracks  
  85  9:12  Barracks Reactor x2  
  85  9:13  Factory Tech Lab, Factory  
  85  9:16  Factory, Terran Vehicle Weapons Level 1  
  85  9:19  SCV x2  
  87  9:30  Medivac x2  
  91  9:31  SCV  
  92  9:43  Command Center  
  88  9:51  Siege Tank  
  88  9:52  Terran Infantry Weapons Level 2  
  91  9:53  Infernal Pre-Igniter  
  91  10:07  Supply Depot  
  91  10:09  Supply Depot  
  91  10:26  Factory Tech Lab x2, Siege Tank  
  94  10:29  SCV x2  
  96  10:41  SCV  
  95  10:58  Marine x5, Siege Tank  
  103  11:05  Siege Tank  
  103  11:06  Missile Turret, Siege Tank  
  103  11:09  Missile Turret  
  103  11:10  Missile Turret  
  98  11:23  Marine x5  
  98  11:25  Terran Infantry Armor Level 2  
  94  11:29  SCV x2  
  94  11:30  Siege Tank  
  95  11:41  Marine x3  
  98  11:47  Siege Tank x2  
  98  11:48  SCV x2  
  106  12:02  Siege Tank  
  109  12:19  Marine x2, Siege Tank  
  109  12:20  Marine x3  
  117  12:25  Orbital Command  
  115  12:34  Thor  
  121  12:37  Marine x3  
  121  12:38  Marine x2  
  126  12:51  Widow Mine  
  126  12:52  Widow Mine  
  126  12:55  Marine x3  
  126  12:56  Marine x2  
  135  13:00  SCV x2  
  135  13:05  Medivac  
  139  13:12  Missile Turret  
  139  13:13  Widow Mine x2, Marine x4  
  139  13:14  Marine  
  146  13:21  Viking  
  148  13:28  Thor  
  148  13:29  Supply Depot x2  
  154  13:35  Viking  
  156  13:43  Starport  
  156  13:45  Starport  
  156  13:46  Starport  
  156  13:50  Thor  
  156  13:51  Viking  
  163  14:05  Thor, Viking  
  171  14:18  Command Center  
  171  14:21  Viking  
  173  14:44  Starport Reactor  
  173  14:45  Starport Reactor x2  
  171  14:54  Siege Tank  
  171  14:58  Missile Turret  
  173  15:00  SCV, Missile Turret x2  
  173  15:06  Missile Turret  
  173  15:27  Supply Depot x2  
  173  15:30  SCV, Medivac x2, Siege Tank  
  173  15:31  Refinery  
  173  15:32  Viking x2  
  185  15:35  Refinery  
  185  15:36  Supply Depot  
  185  15:38  Supply Depot  
  185  15:40  Viking  
  185  15:45  Missile Turret  
  185  15:50  Sensor Tower  
  185  15:55  Orbital Command  
  185  16:01  Sensor Tower  
  185  16:17  Viking  
  185  16:18  Viking x2  
  191  16:24  Viking x2  
Show
View Real Time Build Order
Export as new Build Order

TooL Zerg - Winner!

Build Orders: Hatch First, Lurkers 

Get SALT Encoding   

  12  0:00  Drone  
  13  0:12  Overlord  
  13  0:16  Drone  
  14  0:31  Drone x2  
  14  0:35  Drone  
  17  0:47  Drone  
  18  0:56  Hatchery  
  17  0:59  Extractor  
  17  1:00  Drone  
  17  1:07  Drone  
  18  1:17  Drone  
  19  1:30  Overlord  
  19  1:34  Spawning Pool  
  19  1:40  Drone  
  19  1:50  Drone  
  20  2:02  Drone  
  21  2:14  Drone x2  
  23  2:20  Drone  
  23  2:21  Queen x2  
  28  2:24  Metabolic Boost  
  28  2:27  Baneling Nest  
  28  2:28  Drone  
  28  2:31  Drone  
  28  2:33  Drone  
  30  2:40  Drone  
  31  2:46  Drone  
  32  2:53  Drone  
  32  2:56  Hatchery  
  32  3:04  Drone x2  
  34  3:06  Queen  
  34  3:10  Overlord  
  36  3:28  Zergling x2  
  36  3:29  Zergling x6  
  40  3:34  Overlord x2  
  40  3:37  Zergling x8  
  44  3:50  Overlord  
  44  3:54  Zergling x6  
  47  4:01  Zergling x2  
  48  4:08  Zergling x6  
  48  4:09  Zergling x8  
  54  4:10  Baneling x3  
  54  4:11  Zergling x2  
  55  4:21  Zergling x4  
  55  4:22  Zergling x2  
  58  4:32  Zergling x6  
  61  4:41  Zergling x6  
  61  4:44  Zergling x8  
  61  4:45  Zergling x4, Overlord x2  
  68  4:55  Zergling x4  
  68  4:57  Lair  
  68  5:01  Zergling x6  
  68  5:05  Baneling  
  68  5:06  Baneling x5  
  62  5:09  Zergling x4  
  60  5:15  Zergling x2  
  60  5:17  Zergling x10  
  60  5:18  Zergling x2  
  65  5:23  Baneling  
  65  5:24  Zergling x2  
  65  5:25  Zergling x2  
  67  5:34  Baneling  
  67  5:36  Zergling x2  
  67  5:37  Zergling x10  
  67  5:40  Extractor  
  67  5:41  Extractor  
  67  5:42  Extractor  
  64  6:05  Zergling x8  
  64  6:06  Zergling x16  
  64  6:08  Spore Crawler  
  64  6:10  Spore Crawler  
  55  6:24  Drone x3  
  55  6:25  Drone x3  
  60  6:27  Drone x3  
  55  6:43  Spore Crawler  
  55  6:44  Drone x3  
  55  6:45  Drone x2  
  55  6:46  Drone x2  
  58  6:47  Drone x2  
  54  6:59  Hydralisk Den  
  49  7:01  Evolution Chamber  
  49  7:02  Evolution Chamber  
  46  7:16  Spore Crawler  
  46  7:17  Drone x4  
  49  7:35  Drone x2  
  49  7:36  Zerg Missile Weapons Level 1  
  50  7:37  Zerg Ground Armor Level 1  
  50  7:38  Grooved Spines  
  50  7:59  Hydralisk x5  
  50  8:01  Hydralisk  
  62  8:12  Spore Crawler  
  61  8:18  Drone x4  
  61  8:19  Drone x8  
  73  8:32  Lurker Den  
  73  8:33  Spore Crawler  
  71  8:40  Hydralisk x5  
  80  8:49  Muscular Augments  
  80  8:57  Hydralisk  
  80  8:58  Hydralisk x4  
  80  8:59  Overlord  
  80  9:00  Overlord  
  89  9:36  Extractor, Burrow  
  89  9:37  Extractor  
  87  9:39  Hydralisk x3  
  93  9:46  Hydralisk x5  
  93  9:51  Overlord x3  
  103  9:58  Hatchery  
  102  10:04  Hydralisk x2  
  106  10:08  Overlord x2  
  106  10:09  Overlord x2  
  106  10:16  Lurker  
  106  10:18  Lurker  
  108  10:24  Drone x4  
  108  10:25  Drone x2  
  114  10:31  Lurker  
  115  10:43  Hydralisk x2  
  115  10:44  Hydralisk x2  
  115  10:47  Overseer  
  123  10:56  Lurker  
  124  10:58  Zergling x34  
  124  10:59  Zergling x2  
  142  11:08  Lurker  
  136  11:35  Hydralisk x6  
  136  11:36  Hydralisk x5  
  147  11:42  Queen  
  147  11:43  Drone  
  147  11:44  Drone x6  
  153  11:52  Zerg Missile Weapons Level 2  
  153  12:00  Drone x7  
  153  12:01  Drone x2  
  162  12:06  Zerg Ground Armor Level 2  
  161  12:16  Lurker  
  161  12:17  Lurker  
  161  12:18  Drone  
  161  12:19  Drone x3  
  167  12:39  Overlord x5  
  167  12:42  Extractor  
  167  12:43  Extractor  
  165  12:53  Hatchery  
  165  12:54  Hatchery  
  165  12:55  Infestation Pit  
  162  13:06  Overseer  
  164  13:20  Lurker x7  
  169  13:32  Spire, Hive  
  168  13:39  Spore Crawler  
  168  13:40  Drone x3, Spore Crawler  
  170  13:41  Drone x3  
  170  13:42  Drone x3  
  174  13:54  Hydralisk x15  
  174  13:55  Hydralisk  
  172  13:56  Hydralisk x7  
  182  14:29  Hydralisk  
  182  14:30  Hydralisk x13  
  185  14:49  Hydralisk  
  185  14:50  Hydralisk x7  
  191  15:17  Extractor x2  
  186  15:33  Greater Spire  
  186  15:40  Drone x4  
  186  15:41  Drone x2  
  192  15:43  Spore Crawler x2  
  192  15:44  Spore Crawler  
  192  15:47  Spore Crawler  
  183  16:11  Corruptor x5  
  177  16:12  Corruptor x6  
Tags
 
Add a new tag
Caveats
  • Supply blocks, unpowered buildings, or Contaminate may cause inaccurate times.
  • Supply counts are checked every 10 seconds.